 Dungeon Crawl Stone Soup version 0.27.1-4-g1640c2035a (webtiles) character file.

Game seed: 8228639300037687430

50 Stomo444 the Skirmisher (level 3, -2/20 HPs)
             Began as a Vine Stalker Monk on Nov 10, 2021.
             Slain by an iguana (10 damage)
             ... on level 2 of the Dungeon.
             The game lasted 00:01:57 (1885 turns).

Stomo444 the Skirmisher (Vine Stalker Monk)         Turns: 1885, Time: 00:01:57

Health: -2/20      AC:  2    Str: 14    XL:     3   Next: 79%
Magic:  0/4        EV: 13    Int: 10    God:
Gold:   60         SH:  0    Dex: 16    Spells: 2/2 levels left

rFire    . . .     SeeInvis .   a - +0 mace
rCold    . . .     Faith    .   (no shield)
rNeg     . . .     Spirit   +   b - +0 robe
rPois    .         Reflect  .   (no helmet)
rElec    .         Harm     .   (no cloak)
rCorr    .         Rampage  .   (no gloves)
Will     .....                  (no boots)
Stlth    ++........             (no amulet)
HPRegen  0.06/turn              (no ring)
MPRegen  0.09/turn              (no ring)

@: no status effects
A: fangs 2, magic shield, antimagic bite, no potion heal 2
a: no special abilities


You were on level 2 of the Dungeon.
You visited 1 branch of the dungeon, and saw 2 of its levels.

You collected 60 gold pieces.

Inventory:

Hand Weapons
 a - a +0 mace (weapon)
Missiles
 g - a throwing net (quivered)
Armour
 b - a +0 robe (worn)
Scrolls
 c - 2 scrolls of identify {unknown}
 d - a scroll of immolation {unknown}
 h - a scroll of vulnerability {unknown}
Potions
 e - a potion of ambrosia {unknown}
 f - a potion of curing {unknown}


   Skills:
 + Level 3.3 Fighting
 + Level 3.2 Maces & Flails
 + Level 2.9 Dodging
 - Level 2.4 Stealth


You had 2 spell levels left.
You didn't know any spells.
Your spell library was empty.

Dungeon Overview and Level Annotations

Branches:
Dungeon (2/15)

Altars:
Yredelemnul


Innate Abilities, Weirdness & Mutations

You have extremely sharp teeth.
When hurt, damage is shared between your health and your magic reserves.
Your bite disrupts and absorbs the magic of your enemies.
Potions cannot restore your health.


Message History

No target in view!
No target in view!
No target in view!
No target in view!
No target in view!
There is a basalt altar of Yredelemnul here.
An iguana comes into view.
The iguana hisses angrily.
An iguana is nearby!
An iguana is nearby!
An iguana is nearby!
An iguana is nearby!
Found a glowing ring mail.
The iguana bites you.
You hit the iguana.
The iguana is moderately wounded.
The iguana bites you.
You hit the iguana. You bite the iguana, but do no damage.
The iguana is moderately wounded.
The iguana barely misses you.
You hit the iguana but do no damage. You bite the iguana, but do no damage.
The iguana is moderately wounded.
The iguana bites you!
You are too injured to fight recklessly!
You are too injured to fight recklessly!
You are too injured to fight recklessly!
You are too injured to fight recklessly!
You are too injured to fight recklessly!
You are too injured to fight recklessly!
An iguana is nearby!
An iguana is nearby!
Unknown command.
You barely miss the iguana. You bite the iguana, but do no damage.
The iguana is moderately wounded.
The iguana barely misses you.
You hit the iguana. You bite the iguana. You drain its power.
You feel invigorated.
The iguana is almost dead.
The iguana closely misses you. The iguana bites you!
Ouch! That really hurt!
You die...

##.[.##
##.....##
##.......###
#...........
+...........
#.........#
#..l.....#
#.@...# ##...##
###.+## #.....#
##.....#
#..._..#
#.####......##
#............##
#.#####.......#


You could see an iguana.

Vanquished Creatures
  A gnoll (D:1)
  3 dart slugs
  2 bats (D:1)
  3 endoplasms (D:1)
  2 giant cockroaches
  3 goblins
  3 hobgoblins
  3 jackals (D:1)
  3 kobolds
  A quokka (D:2)
  A ball python (D:1)
  5 frilled lizards
  2 rats
32 creatures vanquished.

Notes
Turn   | Place    | Note
-------+----------+-------------------------------------------
     0 | D:1      | Stomo444 the Vine Stalker Monk began the quest for the Orb.
     0 | D:1      | Reached XP level 1. HP: 11/11 MP: 2/2
    35 | D:1      | Reached XP level 2. HP: 14/16 MP: 1/3
   536 | D:1      | Reached XP level 3. HP: 13/20 MP: 4/4
  1828 | D:2      | Found a basalt altar of Yredelemnul.
  1885 | D:2      | Slain by an iguana

Illustrated notes

Levels and vault maps discovered:
D:1:      minmay_arrival_five_plusses, layout_basic
D:2:      layout_loops_corners, basic_altar

Skill      XL: |  1  2 |
---------------+-------+-----
Fighting       | 3 |  3.3
Maces & Flails | 3 |  3.2
Dodging        | |  2.9
Stealth        | |  2.4

Action                   || total
-------------------------++-------
Melee: Mace              ||    89
       Bite              ||    24
 Stab: Sleeping          ||     8
Armor: Robe              ||    19
Dodge: Dodged            ||    59
